 Dungeon Crawl Stone Soup version 0.23-a0-435-g79ed067 (webtiles) character file.

1855 galech the Chopper (level 8, -2/64 HPs)
             Began as a Demonspawn Fighter on Nov 15, 2018.
             Was a Believer of Okawaru.
             Slain by an orc warrior
             ... wielding a +0 short sword
              (10 damage)
             ... on level 8 of the Dungeon.
             The game lasted 00:08:09 (6819 turns).

galech the Chopper (Demonspawn Fighter)             Turns: 6819, Time: 00:08:09

Health: -2/64      AC: 10    Str: 15 (16) XL:     8   Next: 89%
Magic:  0/7        EV: 11    Int:  8 (10) God:    Okawaru [**....]
Gold:   468        SH:  9    Dex: 14 (15) Spells: 7/7 levels left

rFire    + + .     SeeInvis .   a - +0 war axe
rCold    + . .     Gourm    .   c - +0 shield
rNeg     . . .     Faith    .   y - +3 ring mail {rC+}
rPois    .         Spirit   +   (helmet restricted)
rElec    .         Reflect  .   (no cloak)
rCorr    .         Harm     .   b - +0 pair of gloves
MR       +....                  (no boots)
Stlth    +.........             j - amulet of rage
HPRegen  0.20/turn              p - ring of protection from magic
MPRegen  0.10/turn              u - ring of protection from fire

@: no status effects
A: antennae 1, repulsion field 1, demonic guardian 1, deterioration 2, fire
resistance 1, low mp 1, magic shield
a: Heroism, Renounce Religion, Evoke Berserk Rage


You were on level 8 of the Dungeon.
You worshipped Okawaru.
Okawaru was pleased with you.
You were not hungry.

You visited 2 branches of the dungeon, and saw 9 of its levels.

You collected 468 gold pieces.

Inventory:

Hand Weapons
 a - a +0 war axe (weapon)
Armour
 b - a +0 pair of gloves (worn)
 c - a +0 shield (worn)
 y - a +3 ring mail of cold resistance (worn)
Jewellery
 j - an amulet of rage (around neck)
 p - a ring of protection from magic (left hand)
 u - a ring of protection from fire (right hand)
Wands
 t - a wand of digging (7)
Scrolls
 e - 4 scrolls of enchant weapon {unknown}
 g - 7 scrolls of identify {unknown}
 k - a scroll of immolation {unknown}
 l - a scroll of enchant armour {unknown}
 m - 2 scrolls of remove curse {unknown}
 n - a scroll of fear {unknown}
 o - a scroll of random uselessness {unknown}
 q - 2 scrolls of teleportation {unknown}
 v - a scroll of fog {unknown}
 x - a scroll of amnesia {unknown}
Potions
 d - 2 potions of might
 r - 2 potions of degeneration
 s - a potion of agility
 z - a potion of curing
Comestibles
 f - 13 rations


   Skills:
 + Level 5.7 Fighting
 + Level 6.5 Axes
 + Level 5.7 Armour
 + Level 1.8 Dodging
 + Level 1.6 Stealth
 + Level 4.8 Shields


You had 7 spell levels left.
You didn't know any spells.
Your spell library was empty.

Dungeon Overview and Level Annotations

Branches:
Dungeon (8/15)             Temple (1/1) D:4
   Lair: D:8-11

Altars:
Ashenzari
Cheibriados
Dithmenos
Elyvilon
Fedhas
Gozag
Kikubaaqudgha
Makhleb
Nemelex Xobeh
Okawaru
Qazlal
Ru
Sif Muna
Trog
Uskayaw
Wu Jian
Xom
Yredelemnul
Zin
The Shining One

Annotations:
D:8 1 transporter, Voker57's ghost, novice DsGl


Innate Abilities, Weirdness & Mutations

You have a pair of small antennae on your head.
You are surrounded by a mild repulsion field. (EV +2)
A weak demonic guardian rushes to your aid.
When hurt, damage is shared between your health and your magic reserves.
Your body often deteriorates upon taking damage.
Your flesh is heat resistant. (rF+)
Your magical capacity is low. (-10% MP)


Message History

* * * LOW HITPOINT WARNING * * *
Your body deteriorates!
You feel weakened.
Unknown command.
You hit the orc warrior but do no damage.
The orc warrior is severely wounded.
The orc warrior barely misses you.
You hit the orc warrior but do no damage.
The orc warrior is severely wounded.
The orc warrior misses you.
Things that are here:
a +0 flail; an orc corpse
Okay, then.
You don't have enough magic at the moment.
You hit the orc warrior but do no damage.
The orc warrior is severely wounded.
The orc warrior hits you but does no damage.
You hit the orc warrior but do no damage.
The orc warrior is severely wounded.
The orc warrior hits you with a +0 short sword!
You die...

#.#oa8#..#
...eW##..###
######(....##
....$...#...#####
........†?.......
######.#)).####
#{##†## #{##o# #o##@#
######o##.##########
_o...................
.#.####.##.<....#####
#.#######.# ..# .#
#### #


You could see an orc warrior.

Vanquished Creatures
  Grinder (D:5)
  A water moccasin (D:5)
  2 sky beasts
  A phantom (D:6)
  An ogre (D:5)
  2 centaurs
  2 bullfrogs (D:6)
  A scorpion (D:5)
  A howler monkey (D:6)
  A crimson imp (D:6)
  4 orc wizards
  A jelly (D:5)
  3 orc priests
  2 iguanas (D:6)
  3 worker ants
  A hound skeleton (D:4)
  A worker ant zombie (D:5)
  3 gnolls (D:3)
  11 adders
  An ooze (D:1)
  3 adder skeletons
  A dart slug (D:3)
  4 leopard geckos
  16 orcs
  2 ball pythons
  4 giant cockroaches
  4 goblins
  5 hobgoblins
  14 jackals
  3 quokkas
  4 bats
  3 frilled lizards
  7 kobolds
  8 rats
121 creatures vanquished.

Vanquished Creatures (collateral kills)
  An orc warrior (D:6)
  A sky beast (D:4)
  An ogre (D:5)
  A crimson imp (D:8)
  A hound (D:5)
  An orc priest (D:4)
  4 orc wizards
  4 orcs
14 creatures vanquished.

Vanquished Creatures (others)
  An adder (D:2)
  A leopard gecko (D:2)
  A rat (D:2)
3 creatures vanquished.

Grand Total: 138 creatures vanquished

Notes
Turn   | Place    | Note
-------+----------+-------------------------------------------
     0 | D:1      | galech the Demonspawn Fighter began the quest for the Orb.
     0 | D:1      | Reached XP level 1. HP: 18/18 MP: 1/1
   381 | D:1      | Gained mutation: A weak demonic guardian rushes to your
                  | aid. [demonic ancestry]
   381 | D:1      | Reached XP level 2. HP: 24/24 MP: 2/2
   618 | D:1      | Reached skill level 2 in Axes
  1043 | D:2      | Gained mutation: You are surrounded by a mild repulsion
                  | field. (EV +2) [demonic ancestry]
  1043 | D:2      | Reached XP level 3. HP: 26/29 MP: 3/3
  1902 | D:3      | Reached XP level 4. HP: 16/35 MP: 4/4
  2181 | D:3      | Reached skill level 3 in Axes
  2752 | D:3      | Gained mutation: When hurt, damage is shared between your
                  | health and your magic reserves. [demonic ancestry]
  2752 | D:3      | Reached XP level 5. HP: 39/41 MP: 5/5
  3086 | D:4      | Found a staircase to the Ecumenical Temple.
  3125 | Temple   | Entered the Ecumenical Temple
  3133 | Temple   | Became a worshipper of Warmaster Okawaru
  3431 | D:4      | Noticed a sky beast
  3443 | D:4      | Killed a sky beast
  3443 | D:4      | Reached skill level 1 in Dodging
  3443 | D:4      | Reached XP level 6. HP: 35/48 MP: 6/6
  3580 | D:4      | Reached skill level 4 in Axes
  3977 | D:5      | Entered Level 5 of the Dungeon
  4025 | D:5      | Noticed a sky beast
  4038 | D:5      | Killed a sky beast
  4038 | D:5      | Reached * piety under Okawaru
  4179 | D:5      | Gained mutation: You have a pair of small antennae on your
                  | head. [demonic ancestry]
  4179 | D:5      | Reached XP level 7. HP: 53/55 MP: 7/7
  4192 | D:5      | Found a bloodstained altar of Trog.
  4194 | D:5      | Found an ancient bone altar of Kikubaaqudgha.
  4194 | D:5      | Found a basalt altar of Yredelemnul.
  4194 | D:5      | Found a sparkling altar of Nemelex Xobeh.
  4194 | D:5      | Found a sacrificial altar of Ru.
  4248 | D:5      | Reached skill level 1 in Stealth
  4536 | D:5      | Reached ** piety under Okawaru
  4536 | D:5      | Reached skill level 5 in Axes
  4800 | D:5      | Noticed Grinder
  4801 | D:5      | Paralysed by Grinder for 3 turns
  4831 | D:5      | Killed Grinder
  4831 | D:5      | Reached XP level 8. HP: 31/61 MP: 4/8
  5134 | D:6      | Reached skill level 5 in Armour
  5147 | D:6      | Reached skill level 5 in Fighting
  5165 | D:6      | Gained mutation: Your body sometimes deteriorates upon
                  | taking damage. [potion of mutation]
  5165 | D:6      | Gained mutation: Your magical capacity is low. (-10% MP)
                  | [potion of mutation]
  5165 | D:6      | Gained mutation: Your body often deteriorates upon taking
                  | damage. [potion of mutation]
  5165 | D:6      | Gained mutation: Your flesh is heat resistant. (rF+)
                  | [potion of mutation]
  5227 | D:6      | Found an iron altar of Okawaru.
  5614 | D:6      | Reached skill level 6 in Axes
  5758 | D:6      | Reached *** piety under Okawaru
  6458 | D:7      | Noticed a hippogriff
  6484 | D:7      | HP: 1/64 [orc priest/divine providence (13)]
  6788 | D:8      | Found a shattered altar of Ashenzari.
  6792 | D:8      | Found a transporter.
  6794 | D:8      | Noticed a deep elf archer
  6797 | D:8      | Noticed Voker57's ghost (novice DsGl)
  6819 | D:8      | Slain by an orc warrior

Vault maps used:
D:1:      ncdulo_wetmaze
D:2:      lemuel_old_faithful
D:3:      first_ration
D:4:      minmay_temple_entry_junction, hangedman_minor_gate_pass
D:5:      grunt_temple_overflow_open, uniq_grinder
D:6:      okawaru_gym_becter
D:7:      minmay_the_grid_octo_triangle, uniq_duvessa
D:8:      overflow_temple_1_default, gammafunk_ghost_arena, the_bakery,
          hangedman_decor_push, ashenzari_altar_1, uniq_pikel
Temple:   nicolae_temple_x_marks_the_god

Skill      XL: |  1  2  3  4  5  6  7  8 |
---------------+-------------------------+-----
Axes           | 2 3 4 5 6 |  6.5
Armour         | 3 4 5 |  5.7
Shields        | 3 4 |  4.8
Fighting       | 4 5 |  5.7
Dodging        | 1 |  1.8
Stealth        | 1 |  1.6

Action                   |  1- 3 |  4- 6 |  7- 9 || total
-------------------------+-------+-------+-------++-------
Melee: War axe           |   125 |   270 |   273 ||   668
Invok: Heroism           |       |       |     1 ||     1
  Use: Potion            |       |       |     8 ||     8
 Stab: Distracted        |       |     2 |     4 ||     6
  Eat: Chunk             |     3 |     8 |     7 ||    18
       Ration            |       |       |     1 ||     1
Armor: Scale mail        |    34 |       |       ||    34
       Chain mail        |    16 |   180 |   128 ||   324
       Ring mail         |       |       |    17 ||    17
Dodge: Dodged            |    56 |    79 |   118 ||   253
Block: Shield            |    67 |   135 |   164 ||   366

Table legend:
 A = Non-vault XP
 B = Vault XP
 C = Vault XP percentage of total XP
 D = Non-vault monster count
 E = Vault monster count
 F = Vault count percentage of total count
                 A         B        C        D         E       F
            +---------+---------+-------+---------+---------+-------
      Total |    2283 |     367 |  13.8 |     130 |       5 |   3.7
            +---------+---------+-------+---------+---------+-------
        D:1 |      25 |       0 |   0.0 |      13 |       0 |   0.0
        D:2 |      48 |       0 |   0.0 |      17 |       0 |   0.0
        D:3 |     123 |       0 |   0.0 |      26 |       0 |   0.0
        D:4 |     218 |      95 |  30.4 |      12 |       4 |  25.0
        D:5 |     791 |     272 |  25.6 |      27 |       1 |   3.6
        D:6 |     978 |       0 |   0.0 |      27 |       0 |   0.0
        D:7 |       2 |       0 |   0.0 |       1 |       0 |   0.0
        D:8 |      98 |       0 |   0.0 |       7 |       0 |   0.0
            +---------+---------+-------+---------+---------+-------
